Los Angeles Kings vs Anaheim Ducks

Created - Wednesday, October 8, 2025 at 07:52

Goals
1 2 3 T
Los Angeles Kings 1 1 2 4
Anaheim Ducks 1 1 0 2
Shots
1 2 3 T
Los Angeles Kings 6 12 14 32
Anaheim Ducks 16 10 11 37

1st period

1. Anaheim Ducks , Chandler Stephenson 16 (Alex Killorn 16) at 3:51
2. Los Angeles Kings , Morgan Geekie 16 (Logan Cooley 30, Andrei Kuzmenko 16) at 19:37 (PP)

Penalties :
Joshua Morrissey (ANA) for Cross-checking (Minor) at 4:17, Chandler Stephenson (ANA) for Cross-checking (Minor) at 19:23

2nd period

3. Anaheim Ducks , Alex Killorn 12 (Chandler Stephenson 17) at 6:00 (SH)
4. Los Angeles Kings , Evander Kane 8 (K'Andre Miller 11, Cooper Marody 6) at 18:25

Penalties :
Brayden Schenn (ANA) for Holding (Minor) at 5:49, Brenden Dillon (ANA) for Roughing (Minor) at 8:19, Alexander Romanov (LAK) for Cross-checking (Minor) at 19:32

3rd period

5. Los Angeles Kings , Evander Kane 9 (Cooper Marody 7, MacKenzie Weegar 23) at 2:41
6. Los Angeles Kings , Andrei Svechnikov 14 (Seth Jarvis 36, Matthew Boldy 35) at 6:03 (PP)

Penalties :
Mason Marchment (ANA) for Tripping (Minor) at 5:45, Mark Scheifele (ANA) for Interference (Minor) at 16:00, Joshua Morrissey (ANA) for Holding (Minor) at 19:27

Goalie Stats

Andrei Vasilevskiy (LAK), 35 saves from 37 shots - (0.946), W, 11-18-1, 60:00 minutes
Linus Ullmark (ANA), 28 saves from 32 shots - (0.875), L, 21-16-3, 60:00 minutes

Players Stats for Los Angeles Kings

Player Name              G  A  P  +/- PIM S  H  SB GA TA FO     MP     PP MP  PK MP  
------------------------------------------------------------------------------------
Alexander Romanov        0  0  0   1  2   4  1  0  0  1  0/0    20:23   4:42   0:00 
Andrei Kuzmenko          0  1  1   0  0   7  3  0  2  0  1/3    16:41   4:17   0:00 
Andrei Svechnikov        1  0  1  -1  0   1  1  1  1  0  0/1    19:56   4:42   1:00 
Charlie McAvoy           0  0  0   0  0   0  1  0  1  1  0/0    16:10   0:00   0:00 
Cooper Marody            0  2  2   2  0   3  2  1  0  1  0/0     9:56   0:01   0:00 
Evander Kane             2  0  2   2  0   2  1  1  1  0  0/0     9:56   0:01   0:00 
Jansen Harkins           0  0  0   0  0   1  2  0  0  1  2/10   12:26   0:01   0:00 
Joseph Veleno            0  0  0  -1  0   1  0  1  1  0  2/12   12:42   0:00   0:00 
K'Andre Miller           0  1  1   0  0   1  2  1  0  0  0/0    23:17   4:18   0:57 
Logan Cooley             0  1  1  -1  0   2  2  2  1  0  1/3    18:27   4:17   0:59 
MacKenzie Weegar         0  1  1  -1  0   3  0  0  0  0  0/0    21:57   4:18   0:57 
Matthew Boldy            0  1  1  -1  0   3  1  0  0  2  1/3    19:36   4:42   0:59 
Mikey Eyssimont          0  0  0   2  0   1  1  0  0  0  1/5     9:32   0:00   0:00 
Morgan Geekie            1  0  1  -1  0   2  1  0  1  0  0/0    17:26   4:17   0:00 
Owen Power               0  0  0   0  0   0  0  0  0  4  0/0    15:06   0:00   1:02 
Ryan Suter               0  0  0   0  0   0  2  2  0  1  0/0    22:52   4:42   1:02 
Seth Jarvis              0  1  1  -1  0   1  2  0  3  0  7/22   19:35   4:42   1:00 
Vitali Kravtsov          0  0  0   0  0   0  0  0  0  0  0/0    12:02   0:00   0:00 

Players Stats for Anaheim Ducks

Player Name              G  A  P  +/- PIM S  H  SB GA TA FO     MP     PP MP  PK MP  
------------------------------------------------------------------------------------
Alex Killorn             1  1  2   2  0   3  2  0  1  0  1/2    15:43   0:00   5:19 
Brayden Schenn           0  0  0   0  2   3  1  1  1  1  4/5    20:09   1:06   3:13 
Brenden Dillon           0  0  0  -1  2   0  1  1  0  2  0/0    17:27   0:00   2:39 
Chandler Stephenson      1  1  2   2  2   5  2  0  0  0  8/10   15:41   0:00   5:18 
Esa Lindell              0  0  0   1  0   3  1  0  0  0  0/0    24:41   0:30   5:47 
Ivan Provorov            0  0  0   1  0   1  2  3  0  2  0/0    23:22   0:30   5:31 
J.T. Compher             0  0  0  -1  0   1  0  0  0  0  1/1    10:48   0:00   3:12 
John Tavares             0  0  0  -1  0   2  2  0  0  0  13/15  17:00   0:53   0:02 
Jonny Brodzinski         0  0  0  -1  0   0  0  0  0  0  0/0     7:03   0:00   0:00 
Joshua Morrissey         0  0  0   0  4   2  1  1  1  2  0/0    19:06   1:29   0:03 
Kevin Bahl               0  0  0  -1  0   3  1  1  0  1  0/0    14:43   0:00   0:00 
Mark Scheifele           0  0  0   0  2   0  4  0  3  0  13/18  16:28   1:06   0:00 
Mason Marchment          0  0  0   0  2   5  1  0  2  1  0/2    16:00   0:53   0:00 
Nazem Kadri              0  0  0  -1  0   1  1  1  0  0  3/3    17:54   0:53   0:56 
Parker Kelly             0  0  0  -1  0   1  0  0  0  0  0/0     7:03   0:00   0:00 
Philip Broberg           0  0  0   0  0   2  0  3  0  1  0/0    21:07   1:29   4:00 
Will Cuylle              0  0  0   1  0   1  1  0  0  0  0/2    10:02   0:00   0:00 
William Nylander         0  0  0  -1  0   4  1  0  3  1  1/1    16:36   1:06   0:00 

3 Stars

1 - Evander Kane (LAK)
2 - Alex Killorn (ANA)
3 - Cooper Marody (LAK)

Power Play

Los Angeles Kings - 2 on 7 Attempt(s) - 28.57%
Anaheim Ducks - 0 on 1 Attempt(s) - 0.00%

Penalty Kill

Los Angeles Kings - 1 on 1 Attempt(s) - 100.00% - Score 0 goal in Penalty Kill
Anaheim Ducks - 5 on 7 Attempt(s) - 71.43% - Score 1 goal in Penalty Kill

Team Stat

Los Angeles Kings - Hits : 22 - Faceoff Wins : 15 - Blocked Shots : 9 - Penalty Minutes : 2
Anaheim Ducks - Hits : 21 - Faceoff Wins : 44 - Blocked Shots : 11 - Penalty Minutes : 14

Official

Referees : Morgan Macphee and Justin Kea
Linesman : Ryan Jackson and Jonathan Deschamps

Game Notes

No Game Note

Finance

Level 1 -- Attendance: 4477 (74.62%) -- Ticket Income $447,700
Level 2 -- Attendance: 3550 (71.00%) -- Ticket Income $213,000
Level 3 -- Attendance: 2130 (71.00%) -- Ticket Income $97,980
Level 4 -- Attendance: 3550 (71.00%) -- Ticket Income $88,750
Luxury Box -- Attendance: 826 (82.60%) -- Ticket Income $165,200
Game was played at the Honda Center.
Total Attendance: 14533 (72.67%)
Total Ticket Income: $1,012,630
Other Income: $354,420
Total Income: $1,367,050

Los Angeles Kings

5 vs 5 Forward 
   Center                   Left Wing                Right Wing               Time % Phy DF OF 
 1 Seth Jarvis              Matthew Boldy            Andrei Svechnikov        30     1   2  2  
 2 Joseph Veleno            Logan Cooley             Morgan Geekie            30     1   2  2  
 3 Jansen Harkins           Andrei Kuzmenko          Vitali Kravtsov          25     1   2  2  
 4 Mikey Eyssimont          Evander Kane             Cooper Marody            15     1   2  2  

5 vs 5 Defense 
   Defense                  Defense                                           Time % Phy DF OF 
 1 MacKenzie Weegar         K'Andre Miller                                    35     1   2  2  
 2 Charlie McAvoy           Ryan Suter                                        35     1   2  2  
 3 Alexander Romanov        Owen Power                                        30     1   2  2  
 4 MacKenzie Weegar         K'Andre Miller                                    0      1   2  2  

PowerPlay Forward 
   Center                   Left Wing                Right Wing               Time % Phy DF OF 
 1 Seth Jarvis              Matthew Boldy            Andrei Svechnikov        50     1   2  2  
 2 Andrei Kuzmenko          Logan Cooley             Morgan Geekie            50     1   2  2  

PowerPlay Defense
   Defense                  Defense                                           Time % Phy DF OF 
 1 MacKenzie Weegar         K'Andre Miller                                    50     1   2  2  
 2 Alexander Romanov        Ryan Suter                                        50     1   2  2  

Penalty Kill 4 Players Forward 
   Center                   Wing                     Time % Phy DF OF 
 1 Logan Cooley             Matthew Boldy            50     1   2  2  
 2 Andrei Svechnikov        Seth Jarvis              50     1   2  2  

Penalty Kill 4 Players Defense
   Defense                  Defense                  Time % Phy DF OF 
 1 MacKenzie Weegar         K'Andre Miller           50     1   2  2  
 2 Owen Power               Ryan Suter               50     1   2  2  

Penalty Kill - 3 Players Forward 
   Forward                                           Time % Phy DF OF 
 1 Andrei Svechnikov                                 50     1   2  2  
 2 Matthew Boldy                                     50     1   2  2  

Penalty Kill - 3 Players Defense
   Defense                  Defense                  Time % Phy DF OF 
 1 MacKenzie Weegar         K'Andre Miller           50     1   2  2  
 2 Owen Power               Ryan Suter               50     1   2  2  

4 vs 4 Forward 
   Center                   Wing                     Time % Phy DF OF 
 1 Andrei Kuzmenko          Matthew Boldy            50     1   2  2  
 2 Andrei Svechnikov        Logan Cooley             50     1   2  2  

4 vs 4 Defense
   Defense                  Defense                  Time % Phy DF OF 
 1 MacKenzie Weegar         K'Andre Miller           50     1   2  2  
 2 Alexander Romanov        Ryan Suter               50     1   2  2  

Last Minutes Offensive
   Center                   Left Wing                Right Wing               Defense                  Defense                  
   Seth Jarvis              Matthew Boldy            Andrei Svechnikov        MacKenzie Weegar         K'Andre Miller           

Last Minutes Defensive
   Center                   Left Wing                Right Wing               Defense                  Defense                  
   Seth Jarvis              Matthew Boldy            Andrei Svechnikov        MacKenzie Weegar         K'Andre Miller           

Goaltenders
Starting : Andrei Vasilevskiy       
Backup : Carl Lindbom             

Extra Forwards
Normal : Andrei Kuzmenko, Jansen Harkins, Andrei Svechnikov - PP : Andrei Kuzmenko, Jansen Harkins - PK : Matthew Boldy
Extra Defensemen
Normal : Alexander Romanov, Owen Power, K'Andre Miller - PP : Alexander Romanov - PK : Owen Power, MacKenzie Weegar
Penalty Shots
Jansen Harkins, Matthew Boldy, Andrei Svechnikov, Seth Jarvis, Logan Cooley

Scratches
Jakub Zboril (Healthy), Alex Gallant (Healthy)

Anaheim Ducks

5 vs 5 Forward 
   Center                   Left Wing                Right Wing               Time % Phy DF OF 
 1 Mark Scheifele           Mason Marchment          Brayden Schenn           35     1   2  2  
 2 John Tavares             Nazem Kadri              William Nylander         35     1   2  2  
 3 Chandler Stephenson      Will Cuylle              Alex Killorn             20     1   2  2  
 4 J.T. Compher             Parker Kelly             Jonny Brodzinski         10     1   2  2  

5 vs 5 Defense 
   Defense                  Defense                                           Time % Phy DF OF 
 1 Esa Lindell              Joshua Morrissey                                  36     1   2  2  
 2 Ivan Provorov            Philip Broberg                                    33     1   2  2  
 3 Kevin Bahl               Brenden Dillon                                    31     1   2  2  
 4 Esa Lindell              Ivan Provorov                                     0      1   2  2  

PowerPlay Forward 
   Center                   Left Wing                Right Wing               Time % Phy DF OF 
 1 Mark Scheifele           Brayden Schenn           William Nylander         50     1   1  3  
 2 Nazem Kadri              John Tavares             Mason Marchment          50     1   1  3  

PowerPlay Defense
   Defense                  Defense                                           Time % Phy DF OF 
 1 Joshua Morrissey         Philip Broberg                                    60     1   2  2  
 2 Ivan Provorov            Esa Lindell                                       40     1   2  2  

Penalty Kill 4 Players Forward 
   Center                   Wing                     Time % Phy DF OF 
 1 Chandler Stephenson      Alex Killorn             60     1   3  1  
 2 J.T. Compher             Brayden Schenn           40     1   3  1  

Penalty Kill 4 Players Defense
   Defense                  Defense                  Time % Phy DF OF 
 1 Esa Lindell              Ivan Provorov            60     1   4  0  
 2 Brenden Dillon           Philip Broberg           40     1   4  0  

Penalty Kill - 3 Players Forward 
   Forward                                           Time % Phy DF OF 
 1 Chandler Stephenson                               60     1   4  0  
 2 Alex Killorn                                      40     1   4  0  

Penalty Kill - 3 Players Defense
   Defense                  Defense                  Time % Phy DF OF 
 1 Esa Lindell              Ivan Provorov            60     1   4  0  
 2 Brenden Dillon           Philip Broberg           40     1   4  0  

4 vs 4 Forward 
   Center                   Wing                     Time % Phy DF OF 
 1 Chandler Stephenson      William Nylander         60     1   2  2  
 2 Mark Scheifele           Nazem Kadri              40     1   2  2  

4 vs 4 Defense
   Defense                  Defense                  Time % Phy DF OF 
 1 Esa Lindell              Joshua Morrissey         60     1   2  2  
 2 Brenden Dillon           Ivan Provorov            40     1   2  2  

Last Minutes Offensive
   Center                   Left Wing                Right Wing               Defense                  Defense                  
   Mark Scheifele           Brayden Schenn           William Nylander         Philip Broberg           Joshua Morrissey         

Last Minutes Defensive
   Center                   Left Wing                Right Wing               Defense                  Defense                  
   Chandler Stephenson      Alex Killorn             Brayden Schenn           Ivan Provorov            Esa Lindell              

Goaltenders
Starting : Linus Ullmark            
Backup : James Reimer             

Extra Forwards
Normal : William Nylander, Mark Scheifele, Nazem Kadri - PP : William Nylander, Nazem Kadri - PK : Chandler Stephenson
Extra Defensemen
Normal : Esa Lindell, Ivan Provorov, Brenden Dillon - PP : Joshua Morrissey - PK : Esa Lindell, Ivan Provorov
Penalty Shots
Chandler Stephenson, Mark Scheifele, Brayden Schenn, Alex Killorn, William Nylander

Scratches
Morgan Rielly (Healthy)

% Time on Ice - Los Angeles Kings

Lines # - Real PCT - Wanted PCT - Time Play
Normal Forward
1 - 28% - 30% - 13:55
2 - 28% - 30% - 13:32
3 - 25% - 25% - 12:02
4 - 19% - 15% - 9:32
Normal Defense
1 - 34% - 35% - 16:42
2 - 36% - 35% - 17:36
3 - 30% - 30% - 14:43
4 - 0% - 0% - 0:00
PP Forward
1 - 52% - 50% - 4:42
2 - 48% - 50% - 4:18
PP Defense
1 - 48% - 50% - 4:18
2 - 52% - 50% - 4:42
PK Forward
1 - 50% - 50% - 0:59
2 - 50% - 50% - 1:00
PK Defense
1 - 48% - 50% - 0:57
2 - 52% - 50% - 1:02
PK3 Forward
1 - 0% - 50%
2 - 0% - 50%
PK3 Defense
1 - 0% - 50%
2 - 0% - 50%
44 Forward
1 - 0% - 50%
2 - 0% - 50%
44 Defense
1 - 0% - 50%
2 - 0% - 50%
Last Minute Offensive  - 0:00
Last Minute Defensive  - 0:00
Total
Forward - 60:00
Defense - 60:00

% Time on Ice - Anaheim Ducks

Lines # - Real PCT - Wanted PCT - Time Play
Normal Forward
1 - 33% - 35% - 16:14
2 - 32% - 35% - 15:42
3 - 20% - 20% - 10:02
4 - 14% - 10% - 7:03
Normal Defense
1 - 37% - 36% - 18:08
2 - 33% - 33% - 16:10
3 - 30% - 31% - 14:43
4 - 0% - 0% - 0:00
PP Forward
1 - 55% - 50% - 1:06
2 - 45% - 50% - 0:53
PP Defense
1 - 75% - 60% - 1:29
2 - 25% - 40% - 0:30
PK Forward
1 - 73% - 60% - 6:33
2 - 27% - 40% - 2:27
PK Defense
1 - 56% - 60% - 5:00
2 - 44% - 40% - 4:00
PK3 Forward
1 - 0% - 60%
2 - 0% - 40%
PK3 Defense
1 - 0% - 60%
2 - 0% - 40%
44 Forward
1 - 0% - 60%
2 - 0% - 40%
44 Defense
1 - 0% - 60%
2 - 0% - 40%
Last Minute Offensive  - 0:00
Last Minute Defensive  - 0:00
Total
Forward - 60:00
Defense - 60:00

Play-by-Play

1st period


0:01 of 1st period - Brayden Schenn wins face-off versus Seth Jarvis in neutral zone.
0:04 of 1st period - Snap shot by Mark Scheifele.
0:04 of 1st period - Shot Misses the Net.
0:06 of 1st period - Wrist shot by Brayden Schenn.
0:06 of 1st period - Stopped by Andrei Vasilevskiy without a rebound.
0:07 of 1st period - Mark Scheifele wins face-off versus Seth Jarvis in Los Angeles Kings zone.
0:30 of 1st period - Slapshot by Mason Marchment.
0:30 of 1st period - Stopped by Andrei Vasilevskiy without a rebound.
0:31 of 1st period - John Tavares wins face-off versus Joseph Veleno in Los Angeles Kings zone.
0:34 of 1st period - Wrist shot by Nazem Kadri.
0:34 of 1st period - Shot Blocked by Ryan Suter.
0:56 of 1st period - Ryan Suter is hit by Will Cuylle.
1:02 of 1st period - Will Cuylle is hit by Charlie McAvoy and loses puck.
1:23 of 1st period - Snap shot by Evander Kane.
1:23 of 1st period - Shot Blocked by Philip Broberg.
1:54 of 1st period - Brenden Dillon is hit by Logan Cooley.
2:00 of 1st period - Snap shot by Nazem Kadri.
2:00 of 1st period - Shot Blocked by Joseph Veleno.
2:48 of 1st period - Wrist shot by John Tavares.
2:48 of 1st period - Deflect By William Nylander.
2:48 of 1st period - Stopped by Andrei Vasilevskiy without a rebound.
2:49 of 1st period - Jansen Harkins wins face-off versus Will Cuylle in Los Angeles Kings zone.
3:38 of 1st period - Joshua Morrissey is hit by Jansen Harkins and loses puck.
3:47 of 1st period - Wrist shot by Mason Marchment.
3:47 of 1st period - Stopped by Andrei Vasilevskiy without a rebound.
3:48 of 1st period - Chandler Stephenson wins face-off versus Joseph Veleno in Los Angeles Kings zone.
3:49 of 1st period - Wrist shot by Alex Killorn.
3:49 of 1st period - Stopped by Andrei Vasilevskiy without a rebound.
3:50 of 1st period - Alex Killorn wins face-off versus Joseph Veleno in Los Angeles Kings zone.
3:51 of 1st period - Backhand shot by Chandler Stephenson.
3:51 of 1st period - Goal by Chandler Stephenson - Los Angeles Kings : 0 - Anaheim Ducks : 1.
3:52 of 1st period - Joseph Veleno wins face-off versus Mark Scheifele in neutral zone.
4:03 of 1st period - Wrist shot by Morgan Geekie.
4:03 of 1st period - Stopped by Linus Ullmark without a rebound.
4:04 of 1st period - Seth Jarvis wins face-off versus Alex Killorn in Anaheim Ducks zone.
4:15 of 1st period - Wrist shot by Seth Jarvis.
4:15 of 1st period - Stopped by Linus Ullmark with a rebound.
4:17 of 1st period - Minor Penalty to Joshua Morrissey for Cross-checking.
4:18 of 1st period - Chandler Stephenson wins face-off versus Seth Jarvis in Anaheim Ducks zone.
4:55 of 1st period - Andrei Kuzmenko is hit by Ivan Provorov and loses puck.
6:17 of 1st period - Penalty to Joshua Morrissey is over, Joshua Morrissey is back on ice.
6:21 of 1st period - Nazem Kadri is hit by Evander Kane and loses puck.
6:28 of 1st period - Ryan Suter is hit by Brenden Dillon and loses puck.
6:39 of 1st period - Slapshot by Joshua Morrissey.
6:39 of 1st period - Stopped by Andrei Vasilevskiy without a rebound.
6:40 of 1st period - Brayden Schenn wins face-off versus Mikey Eyssimont in Los Angeles Kings zone.
7:12 of 1st period - Ryan Suter is hit by Ivan Provorov and loses puck.
8:24 of 1st period - Icing by Brayden Schenn.
8:25 of 1st period - Brayden Schenn wins face-off versus Seth Jarvis in Anaheim Ducks zone.
8:36 of 1st period - Snap shot by Seth Jarvis.
8:36 of 1st period - Shot Misses the Net.
8:42 of 1st period - Brenden Dillon is hit by Alexander Romanov and loses puck.
8:49 of 1st period - Snap shot by Brayden Schenn.
8:49 of 1st period - Stopped by Andrei Vasilevskiy without a rebound.
8:50 of 1st period - John Tavares wins face-off versus Joseph Veleno in Los Angeles Kings zone.
9:05 of 1st period - Wrist shot by Logan Cooley.
9:05 of 1st period - Shot Blocked by Philip Broberg.
9:15 of 1st period - Matthew Boldy is hit by Chandler Stephenson and loses puck.
9:43 of 1st period - Mason Marchment is hit by Andrei Kuzmenko and loses puck.
10:40 of 1st period - Off-side.
10:41 of 1st period - Mark Scheifele wins face-off versus Seth Jarvis in neutral zone.
11:07 of 1st period - K'Andre Miller is hit by Chandler Stephenson.
11:31 of 1st period - Slapshot by MacKenzie Weegar.
11:31 of 1st period - Stopped by Linus Ullmark with a rebound.
11:33 of 1st period - Snap shot by Andrei Kuzmenko.
11:33 of 1st period - Stopped by Linus Ullmark with a rebound.
11:35 of 1st period - Wrist shot by MacKenzie Weegar.
11:35 of 1st period - Shot Blocked by Nazem Kadri.
11:37 of 1st period - Wrist shot by Andrei Kuzmenko.
11:37 of 1st period - Shot Misses the Net.
11:55 of 1st period - Snap shot by Parker Kelly.
11:55 of 1st period - Stopped by Andrei Vasilevskiy with a rebound.
11:57 of 1st period - Wrist shot by J.T. Compher.
11:57 of 1st period - Shot Misses the Net.
11:59 of 1st period - Wrist shot by Joshua Morrissey.
11:59 of 1st period - Shot Misses the Net.
12:11 of 1st period - Wrist shot by Will Cuylle.
12:11 of 1st period - Deflect By Charlie McAvoy.
12:11 of 1st period - Shot Blocked by Evander Kane.
12:11 of 1st period - Puck is out of play.
12:12 of 1st period - Seth Jarvis wins face-off versus Will Cuylle in Los Angeles Kings zone.
12:38 of 1st period - Snap shot by William Nylander.
12:38 of 1st period - Shot Misses the Net.
12:40 of 1st period - Slapshot by Kevin Bahl.
12:40 of 1st period - Shot Blocked by Logan Cooley.
12:57 of 1st period - John Tavares is hit by Morgan Geekie and loses puck.
13:04 of 1st period - Snap shot by William Nylander.
13:04 of 1st period - Stopped by Andrei Vasilevskiy without a rebound.
13:05 of 1st period - Seth Jarvis wins face-off versus Mark Scheifele in Los Angeles Kings zone.
13:34 of 1st period - Brayden Schenn is hit by Cooper Marody and loses puck.
14:04 of 1st period - Backhand shot by Philip Broberg.
14:04 of 1st period - Stopped by Andrei Vasilevskiy with a rebound.
14:06 of 1st period - Slapshot by Ivan Provorov.
14:06 of 1st period - Stopped by Andrei Vasilevskiy without a rebound.
14:07 of 1st period - John Tavares wins face-off versus Joseph Veleno in Los Angeles Kings zone.
14:10 of 1st period - Snap shot by William Nylander.
14:10 of 1st period - Stopped by Andrei Vasilevskiy without a rebound.
14:11 of 1st period - John Tavares wins face-off versus Joseph Veleno in Los Angeles Kings zone.
14:12 of 1st period - Slapshot by Nazem Kadri.
14:12 of 1st period - Stopped by Andrei Vasilevskiy with a rebound.
14:14 of 1st period - Slapshot by Esa Lindell.
14:14 of 1st period - Stopped by Andrei Vasilevskiy with a rebound.
15:52 of 1st period - Wrist shot by Evander Kane.
15:52 of 1st period - Shot Blocked by Ivan Provorov.
16:29 of 1st period - K'Andre Miller is hit by Kevin Bahl and loses puck.
16:48 of 1st period - Mason Marchment is hit by K'Andre Miller and loses puck.
16:55 of 1st period - Snap shot by Logan Cooley.
16:55 of 1st period - Deflect By Morgan Geekie.
16:55 of 1st period - Shot Misses the Net.
16:55 of 1st period - Puck is out of play.
16:56 of 1st period - John Tavares wins face-off versus Jansen Harkins in Anaheim Ducks zone.
17:01 of 1st period - Snap shot by Andrei Kuzmenko.
17:01 of 1st period - Stopped by Linus Ullmark with a rebound.
17:33 of 1st period - Owen Power is hit by Mason Marchment.
18:16 of 1st period - Snap shot by Will Cuylle.
18:16 of 1st period - Shot Blocked by Ryan Suter.
18:18 of 1st period - Snap shot by Alex Killorn.
18:18 of 1st period - Deflect By Charlie McAvoy.
18:18 of 1st period - Shot Misses the Net.
18:18 of 1st period - Puck is out of play.
18:19 of 1st period - John Tavares wins face-off versus Seth Jarvis in Los Angeles Kings zone.
18:20 of 1st period - Snap shot by William Nylander.
18:20 of 1st period - Shot Misses the Net.
19:11 of 1st period - Wrist shot by Chandler Stephenson.
19:11 of 1st period - Deflect By MacKenzie Weegar.
19:11 of 1st period - Stopped by Andrei Vasilevskiy with a rebound.
19:13 of 1st period - Slapshot by Alex Killorn.
19:13 of 1st period - Shot Hit the Post.
19:23 of 1st period - Minor Penalty to Chandler Stephenson for Cross-checking.
19:24 of 1st period - Andrei Kuzmenko wins face-off versus Brayden Schenn in Anaheim Ducks zone.
19:37 of 1st period - Wrist shot by Morgan Geekie.
19:37 of 1st period - Goal by Morgan Geekie - Los Angeles Kings : 1 - Anaheim Ducks : 1.
19:38 of 1st period - John Tavares wins face-off versus Seth Jarvis in neutral zone.
19:56 of 1st period - Esa Lindell is hit by Andrei Svechnikov and loses puck.
Goals for this period are 1 for Los Angeles Kings vs 1 for Anaheim Ducks.
Shots for this period are 6 for Los Angeles Kings vs 16 for Anaheim Ducks.

2nd period


0:01 of 2nd period - Mark Scheifele wins face-off versus Joseph Veleno in neutral zone.
0:26 of 2nd period - Ryan Suter is hit by Nazem Kadri and loses puck.
0:31 of 2nd period - Snap shot by Nazem Kadri.
0:31 of 2nd period - Shot Misses the Net.
0:33 of 2nd period - Snap shot by Kevin Bahl.
0:33 of 2nd period - Stopped by Andrei Vasilevskiy with a rebound.
0:54 of 2nd period - Wrist shot by Will Cuylle.
0:54 of 2nd period - Stopped by Andrei Vasilevskiy without a rebound.
0:55 of 2nd period - Matthew Boldy wins face-off versus Mason Marchment in Los Angeles Kings zone.
1:24 of 2nd period - Snap shot by Seth Jarvis.
1:24 of 2nd period - Shot Misses the Net.
2:08 of 2nd period - Wrist shot by Andrei Kuzmenko.
2:08 of 2nd period - Stopped by Linus Ullmark with a rebound.
2:10 of 2nd period - Wrist shot by Andrei Kuzmenko.
2:10 of 2nd period - Stopped by Linus Ullmark with a rebound.
2:12 of 2nd period - Slapshot by K'Andre Miller.
2:12 of 2nd period - Stopped by Linus Ullmark with a rebound.
2:14 of 2nd period - Slapshot by Andrei Kuzmenko.
2:14 of 2nd period - Stopped by Linus Ullmark without a rebound.
2:15 of 2nd period - Mark Scheifele wins face-off versus Jansen Harkins in Anaheim Ducks zone.
2:20 of 2nd period - Wrist shot by Jansen Harkins.
2:20 of 2nd period - Shot Blocked by Kevin Bahl.
2:22 of 2nd period - Slapshot by Alexander Romanov.
2:22 of 2nd period - Stopped by Linus Ullmark without a rebound.
2:23 of 2nd period - Mark Scheifele wins face-off versus Jansen Harkins in Anaheim Ducks zone.
2:23 of 2nd period - Mark Scheifele is hit by Andrei Kuzmenko.
2:37 of 2nd period - Snap shot by Jansen Harkins.
2:37 of 2nd period - Stopped by Linus Ullmark with a rebound.
2:47 of 2nd period - Wrist shot by Mason Marchment.
2:47 of 2nd period - Stopped by Andrei Vasilevskiy without a rebound.
2:48 of 2nd period - John Tavares wins face-off versus Joseph Veleno in Los Angeles Kings zone.
3:05 of 2nd period - Wrist shot by William Nylander.
3:05 of 2nd period - Deflect By Nazem Kadri.
3:05 of 2nd period - Shot Blocked by Logan Cooley.
3:05 of 2nd period - Puck is out of play.
3:06 of 2nd period - Seth Jarvis wins face-off versus Mark Scheifele in Los Angeles Kings zone.
3:32 of 2nd period - Logan Cooley is hit by William Nylander.
3:42 of 2nd period - Snap shot by John Tavares.
3:42 of 2nd period - Shot Misses the Net.
5:38 of 2nd period - Wrist shot by Mason Marchment.
5:38 of 2nd period - Stopped by Andrei Vasilevskiy with a rebound.
5:40 of 2nd period - Snap shot by Mason Marchment.
5:40 of 2nd period - Deflect By Brayden Schenn.
5:40 of 2nd period - Shot Misses the Net.
5:40 of 2nd period - Puck is out of play.
5:41 of 2nd period - Mark Scheifele wins face-off versus Mikey Eyssimont in Los Angeles Kings zone.
5:49 of 2nd period - Minor Penalty to Brayden Schenn for Holding.
5:50 of 2nd period - Chandler Stephenson wins face-off versus Seth Jarvis in Anaheim Ducks zone.
5:58 of 2nd period - Slapshot by Chandler Stephenson.
5:58 of 2nd period - Stopped by Andrei Vasilevskiy with a rebound.
6:00 of 2nd period - Snap shot by Chandler Stephenson.
6:00 of 2nd period - Deflect By Alex Killorn.
6:00 of 2nd period - Goal by Alex Killorn - Los Angeles Kings : 1 - Anaheim Ducks : 2.
6:01 of 2nd period - Chandler Stephenson wins face-off versus Logan Cooley in neutral zone.
7:49 of 2nd period - Penalty to Brayden Schenn is over, Brayden Schenn is back on ice.
7:55 of 2nd period - Ivan Provorov is hit by Ryan Suter and loses puck.
8:02 of 2nd period - Snap shot by Alex Killorn.
8:02 of 2nd period - Shot Blocked by Cooper Marody.
8:04 of 2nd period - Slapshot by Ivan Provorov.
8:04 of 2nd period - Shot Misses the Net.
8:06 of 2nd period - Wrist shot by Chandler Stephenson.
8:06 of 2nd period - Stopped by Andrei Vasilevskiy with a rebound.
8:08 of 2nd period - Wrist shot by Brayden Schenn.
8:08 of 2nd period - Shot Misses the Net.
8:10 of 2nd period - Wrist shot by Chandler Stephenson.
8:10 of 2nd period - Stopped by Andrei Vasilevskiy without a rebound.
8:11 of 2nd period - Mark Scheifele wins face-off versus Mikey Eyssimont in Los Angeles Kings zone.
8:19 of 2nd period - Minor Penalty to Brenden Dillon for Roughing.
8:20 of 2nd period - Seth Jarvis wins face-off versus Chandler Stephenson in Anaheim Ducks zone.
8:46 of 2nd period - J.T. Compher is hit by K'Andre Miller and loses puck.
8:51 of 2nd period - Wrist shot by Logan Cooley.
8:51 of 2nd period - Shot Blocked by Brayden Schenn.
9:21 of 2nd period - Philip Broberg is hit by Andrei Kuzmenko and loses puck.
9:29 of 2nd period - Icing by Andrei Kuzmenko.
9:30 of 2nd period - Brayden Schenn wins face-off versus Andrei Kuzmenko in Los Angeles Kings zone.
10:11 of 2nd period - MacKenzie Weegar is hit by Esa Lindell and loses puck.
10:19 of 2nd period - Penalty to Brenden Dillon is over, Brenden Dillon is back on ice.
10:30 of 2nd period - Slapshot by Evander Kane.
10:30 of 2nd period - Shot Blocked by Joshua Morrissey.
10:32 of 2nd period - Snap shot by Cooper Marody.
10:32 of 2nd period - Stopped by Linus Ullmark with a rebound.
10:34 of 2nd period - Slapshot by Alexander Romanov.
10:34 of 2nd period - Stopped by Linus Ullmark without a rebound.
10:35 of 2nd period - Mikey Eyssimont wins face-off versus John Tavares in Anaheim Ducks zone.
12:00 of 2nd period - Icing by Jansen Harkins.
12:01 of 2nd period - Mark Scheifele wins face-off versus Jansen Harkins in Los Angeles Kings zone.
12:32 of 2nd period - Snap shot by William Nylander.
12:32 of 2nd period - Shot Misses the Net.
12:34 of 2nd period - Slapshot by Philip Broberg.
12:34 of 2nd period - Shot Misses the Net.
12:58 of 2nd period - Snap shot by Andrei Svechnikov.
12:58 of 2nd period - Shot Misses the Net.
13:00 of 2nd period - Snap shot by Matthew Boldy.
13:00 of 2nd period - Stopped by Linus Ullmark with a rebound.
13:02 of 2nd period - Snap shot by Matthew Boldy.
13:02 of 2nd period - Shot Misses the Net.
13:24 of 2nd period - Wrist shot by J.T. Compher.
13:24 of 2nd period - Stopped by Andrei Vasilevskiy with a rebound.
14:02 of 2nd period - Esa Lindell is hit by Jansen Harkins and loses puck.
14:17 of 2nd period - Will Cuylle is hit by Seth Jarvis and loses puck.
15:50 of 2nd period - Brenden Dillon is hit by Mikey Eyssimont and loses puck.
15:57 of 2nd period - Ryan Suter is hit by Mark Scheifele and loses puck.
16:26 of 2nd period - Logan Cooley is hit by John Tavares and loses puck.
16:50 of 2nd period - Icing by Philip Broberg.
16:51 of 2nd period - Mark Scheifele wins face-off versus Jansen Harkins in Anaheim Ducks zone.
17:06 of 2nd period - Snap shot by Andrei Kuzmenko.
17:06 of 2nd period - Stopped by Linus Ullmark without a rebound.
17:07 of 2nd period - John Tavares wins face-off versus Seth Jarvis in Anaheim Ducks zone.
17:44 of 2nd period - Snap shot by Brayden Schenn.
17:44 of 2nd period - Stopped by Andrei Vasilevskiy with a rebound.
18:21 of 2nd period - Snap shot by Cooper Marody.
18:21 of 2nd period - Stopped by Linus Ullmark with a rebound.
18:23 of 2nd period - Slapshot by K'Andre Miller.
18:23 of 2nd period - Shot Blocked by Ivan Provorov.
18:25 of 2nd period - Snap shot by Evander Kane.
18:25 of 2nd period - Goal by Evander Kane - Los Angeles Kings : 2 - Anaheim Ducks : 2.
18:26 of 2nd period - John Tavares wins face-off versus Seth Jarvis in neutral zone.
18:43 of 2nd period - Slapshot by William Nylander.
18:43 of 2nd period - Shot Misses the Net.
18:59 of 2nd period - Brayden Schenn is hit by Ryan Suter and loses puck.
19:32 of 2nd period - Minor Penalty to Alexander Romanov for Cross-checking.
19:33 of 2nd period - Logan Cooley wins face-off versus Mark Scheifele in Los Angeles Kings zone.
19:48 of 2nd period - Wrist shot by Brayden Schenn.
19:48 of 2nd period - Shot Misses the Net.
Goals for this period are 1 for Los Angeles Kings vs 1 for Anaheim Ducks.
Shots for this period are 12 for Los Angeles Kings vs 10 for Anaheim Ducks.

3rd period


0:01 of 3rd period - Nazem Kadri wins face-off versus Logan Cooley in neutral zone.
0:12 of 3rd period - Slapshot by John Tavares.
0:12 of 3rd period - Shot Misses the Net.
0:14 of 3rd period - Wrist shot by John Tavares.
0:14 of 3rd period - Stopped by Andrei Vasilevskiy with a rebound.
0:16 of 3rd period - Slapshot by Mason Marchment.
0:16 of 3rd period - Stopped by Andrei Vasilevskiy without a rebound.
0:17 of 3rd period - Mark Scheifele wins face-off versus Andrei Svechnikov in Los Angeles Kings zone.
1:32 of 3rd period - Penalty to Alexander Romanov is over, Alexander Romanov is back on ice.
1:33 of 3rd period - Icing by Esa Lindell.
1:34 of 3rd period - Nazem Kadri wins face-off versus Jansen Harkins in Anaheim Ducks zone.
2:37 of 3rd period - Snap shot by Evander Kane.
2:37 of 3rd period - Shot Blocked by Brenden Dillon.
2:39 of 3rd period - Snap shot by Cooper Marody.
2:39 of 3rd period - Shot Misses the Net.
2:41 of 3rd period - Snap shot by Cooper Marody.
2:41 of 3rd period - Deflect By Evander Kane.
2:41 of 3rd period - Goal by Evander Kane - Los Angeles Kings : 3 - Anaheim Ducks : 2.
2:42 of 3rd period - Seth Jarvis wins face-off versus Mark Scheifele in neutral zone.
2:47 of 3rd period - Esa Lindell is hit by Matthew Boldy and loses puck.
3:22 of 3rd period - Slapshot by William Nylander.
3:22 of 3rd period - Shot Misses the Net.
3:38 of 3rd period - Snap shot by Mikey Eyssimont.
3:38 of 3rd period - Shot Misses the Net.
3:40 of 3rd period - Snap shot by Cooper Marody.
3:40 of 3rd period - Stopped by Linus Ullmark without a rebound.
3:41 of 3rd period - Mark Scheifele wins face-off versus Mikey Eyssimont in Anaheim Ducks zone.
4:22 of 3rd period - Wrist shot by Mikey Eyssimont.
4:22 of 3rd period - Stopped by Linus Ullmark without a rebound.
4:23 of 3rd period - Nazem Kadri wins face-off versus Matthew Boldy in Anaheim Ducks zone.
4:36 of 3rd period - Wrist shot by John Tavares.
4:36 of 3rd period - Shot Misses the Net.
4:38 of 3rd period - Snap shot by John Tavares.
4:38 of 3rd period - Deflect By Nazem Kadri.
4:38 of 3rd period - Shot Blocked by Andrei Svechnikov.
4:38 of 3rd period - Puck is out of play.
4:39 of 3rd period - Mark Scheifele wins face-off versus Joseph Veleno in Los Angeles Kings zone.
5:13 of 3rd period - Off-side.
5:14 of 3rd period - John Tavares wins face-off versus Jansen Harkins in neutral zone.
5:43 of 3rd period - Slapshot by Ryan Suter.
5:43 of 3rd period - Deflect By Joseph Veleno.
5:43 of 3rd period - Stopped by Linus Ullmark with a rebound.
5:45 of 3rd period - Minor Penalty to Mason Marchment for Tripping.
5:46 of 3rd period - Seth Jarvis wins face-off versus Chandler Stephenson in Anaheim Ducks zone.
5:51 of 3rd period - Snap shot by Matthew Boldy.
5:51 of 3rd period - Stopped by Linus Ullmark with a rebound.
5:53 of 3rd period - Snap shot by Alexander Romanov.
5:53 of 3rd period - Stopped by Linus Ullmark without a rebound.
5:54 of 3rd period - Chandler Stephenson wins face-off versus Matthew Boldy in Anaheim Ducks zone.
6:01 of 3rd period - Slapshot by Seth Jarvis.
6:01 of 3rd period - Shot Blocked by Ivan Provorov.
6:03 of 3rd period - Snap shot by Andrei Svechnikov.
6:03 of 3rd period - Goal by Andrei Svechnikov - Los Angeles Kings : 4 - Anaheim Ducks : 2.
6:04 of 3rd period - Mark Scheifele wins face-off versus Seth Jarvis in neutral zone.
6:07 of 3rd period - Snap shot by Mark Scheifele.
6:07 of 3rd period - Shot Misses the Net.
6:09 of 3rd period - Snap shot by Esa Lindell.
6:09 of 3rd period - Shot Blocked by K'Andre Miller.
6:11 of 3rd period - Snap shot by Esa Lindell.
6:11 of 3rd period - Stopped by Andrei Vasilevskiy with a rebound.
6:13 of 3rd period - Snap shot by Mason Marchment.
6:13 of 3rd period - Shot Misses the Net.
6:36 of 3rd period - Backhand shot by Joshua Morrissey.
6:36 of 3rd period - Stopped by Andrei Vasilevskiy with a rebound.
7:14 of 3rd period - Charlie McAvoy is hit by Mark Scheifele and loses puck.
7:21 of 3rd period - Slapshot by MacKenzie Weegar.
7:21 of 3rd period - Shot Misses the Net.
7:43 of 3rd period - Wrist shot by J.T. Compher.
7:43 of 3rd period - Shot Misses the Net.
8:16 of 3rd period - Snap shot by William Nylander.
8:16 of 3rd period - Shot Misses the Net.
8:18 of 3rd period - Slapshot by Kevin Bahl.
8:18 of 3rd period - Stopped by Andrei Vasilevskiy with a rebound.
8:40 of 3rd period - Slapshot by Mason Marchment.
8:40 of 3rd period - Shot Misses the Net.
8:50 of 3rd period - Snap shot by Seth Jarvis.
8:50 of 3rd period - Deflect By Matthew Boldy.
8:50 of 3rd period - Stopped by Linus Ullmark without a rebound.
8:51 of 3rd period - J.T. Compher wins face-off versus Seth Jarvis in Anaheim Ducks zone.
8:56 of 3rd period - Slapshot by Philip Broberg.
8:56 of 3rd period - Stopped by Andrei Vasilevskiy without a rebound.
8:57 of 3rd period - Joseph Veleno wins face-off versus John Tavares in Los Angeles Kings zone.
8:57 of 3rd period - Joseph Veleno is hit by John Tavares.
9:57 of 3rd period - Wrist shot by Andrei Kuzmenko.
9:57 of 3rd period - Shot Misses the Net.
10:15 of 3rd period - Wrist shot by Jonny Brodzinski.
10:15 of 3rd period - Shot Misses the Net.
10:17 of 3rd period - Wrist shot by J.T. Compher.
10:17 of 3rd period - Shot Misses the Net.
10:33 of 3rd period - Slapshot by William Nylander.
10:33 of 3rd period - Stopped by Andrei Vasilevskiy with a rebound.
10:35 of 3rd period - Wrist shot by John Tavares.
10:35 of 3rd period - Stopped by Andrei Vasilevskiy with a rebound.
10:37 of 3rd period - Slapshot by Kevin Bahl.
10:37 of 3rd period - Deflect By Morgan Geekie.
10:37 of 3rd period - Stopped by Andrei Vasilevskiy with a rebound.
10:59 of 3rd period - Andrei Svechnikov is hit by Mark Scheifele and loses puck.
11:32 of 3rd period - William Nylander is hit by Logan Cooley and loses puck.
12:03 of 3rd period - Snap shot by Jonny Brodzinski.
12:03 of 3rd period - Shot Misses the Net.
13:02 of 3rd period - Wrist shot by Logan Cooley.
13:02 of 3rd period - Stopped by Linus Ullmark without a rebound.
13:03 of 3rd period - William Nylander wins face-off versus Joseph Veleno in Anaheim Ducks zone.
13:30 of 3rd period - Mason Marchment is hit by Seth Jarvis and loses puck.
13:44 of 3rd period - Icing by Ivan Provorov.
13:45 of 3rd period - Jansen Harkins wins face-off versus Mason Marchment in Anaheim Ducks zone.
13:52 of 3rd period - Slapshot by MacKenzie Weegar.
13:52 of 3rd period - Stopped by Linus Ullmark with a rebound.
13:54 of 3rd period - Slapshot by K'Andre Miller.
13:54 of 3rd period - Deflect By Andrei Kuzmenko.
13:54 of 3rd period - Stopped by Linus Ullmark without a rebound.
13:55 of 3rd period - John Tavares wins face-off versus Jansen Harkins in Anaheim Ducks zone.
14:06 of 3rd period - Vitali Kravtsov is hit by Joshua Morrissey.
14:21 of 3rd period - MacKenzie Weegar is hit by Mark Scheifele and loses puck.
14:51 of 3rd period - Wrist shot by Alex Killorn.
14:51 of 3rd period - Stopped by Andrei Vasilevskiy with a rebound.
15:32 of 3rd period - Wrist shot by Seth Jarvis.
15:32 of 3rd period - Shot Misses the Net.
15:46 of 3rd period - Snap shot by Mikey Eyssimont.
15:46 of 3rd period - Shot Misses the Net.
15:48 of 3rd period - Slapshot by Alexander Romanov.
15:48 of 3rd period - Stopped by Linus Ullmark with a rebound.
15:50 of 3rd period - Slapshot by Owen Power.
15:50 of 3rd period - Shot Misses the Net.
15:52 of 3rd period - Snap shot by Mikey Eyssimont.
15:52 of 3rd period - Shot Misses the Net.
15:54 of 3rd period - Wrist shot by Cooper Marody.
15:54 of 3rd period - Shot Blocked by Philip Broberg.
16:00 of 3rd period - Minor Penalty to Mark Scheifele for Interference.
16:01 of 3rd period - Chandler Stephenson wins face-off versus Seth Jarvis in Anaheim Ducks zone.
16:10 of 3rd period - Seth Jarvis is hit by Alex Killorn and loses puck.
16:22 of 3rd period - Seth Jarvis is hit by Alex Killorn and loses puck.
17:10 of 3rd period - Off-side.
17:11 of 3rd period - Chandler Stephenson wins face-off versus Andrei Kuzmenko in neutral zone.
17:40 of 3rd period - Andrei Kuzmenko is hit by Brayden Schenn.
18:00 of 3rd period - Penalty to Mark Scheifele is over, Mark Scheifele is back on ice.
18:24 of 3rd period - Snap shot by Brayden Schenn.
18:24 of 3rd period - Shot Misses the Net.
18:26 of 3rd period - Slapshot by Esa Lindell.
18:26 of 3rd period - Stopped by Andrei Vasilevskiy without a rebound.
18:27 of 3rd period - John Tavares wins face-off versus Seth Jarvis in Los Angeles Kings zone.
18:30 of 3rd period - Wrist shot by William Nylander.
18:30 of 3rd period - Shot Misses the Net.
18:36 of 3rd period - Slapshot by MacKenzie Weegar.
18:36 of 3rd period - Stopped by Linus Ullmark with a rebound.
19:05 of 3rd period - Esa Lindell is hit by Cooper Marody and loses puck.
19:27 of 3rd period - Minor Penalty to Joshua Morrissey for Holding.
19:28 of 3rd period - Chandler Stephenson wins face-off versus Seth Jarvis in Anaheim Ducks zone.
19:47 of 3rd period - Snap shot by Logan Cooley.
19:47 of 3rd period - Stopped by Linus Ullmark with a rebound.
Goals for this period are 2 for Los Angeles Kings vs 0 for Anaheim Ducks.
Shots for this period are 14 for Los Angeles Kings vs 11 for Anaheim Ducks.